 Dungeon Crawl Stone Soup version 0.19-a0-529-g411dd88 (webtiles) character file.

8414 shinino the Grappler (level 11, -5/107 HPs)
             Began as a Troll Monk on June 7, 2016.
             Was an Elder of Hepliaklqana.
             Slain by an eight-headed hydra (17 damage)
             ... on level 11 of the Dungeon.
             The game lasted 00:25:29 (7768 turns).

shinino the Grappler (Troll Monk)                   Turns: 7768, Time: 00:25:30

Health: -5/107     AC:  9    Str: 22    XL:     11   Next: 9%
Magic:  10/10      EV: 17    Int:  6    God:    Hepliaklqana [****..]
Gold:   502        SH:  2    Dex: 15    Spells: 0 memorised, 10 levels left

rFire  . . .     SeeInvis .       - Unarmed
rCold  . . .     Gourm    +     a - +0 robe
rNeg   . . .     Faith    .     (no shield)
rPois  .         Spirit   .     I - +2 hat
rElec  .         Dismiss  +     (no cloak)
rCorr  .         Reflect  .     (gloves unavailable)
SustAt .         Harm     .     (boots unavailable)
MR     .....                    S - amulet of dismissal
Stlth  ++........               K - +3 ring of strength
                                j - +3 ring of evasion

@: manticore barbs, not resistant to hostile enchantments, unstealthy
A: unfitting armour, claws 3, large bone plates 1, fast metabolism 3, gourmand,
regeneration 2, screaming 1, shaggy fur 1, tough skin 2, weak 1
a: Recall Ancestor, Ancestor Identity, Transference, Idealise, Renounce Religion


You were on level 11 of the Dungeon.
You worshipped Hepliaklqana.
Hepliaklqana was greatly pleased with you.
You were not hungry.

You visited 2 branches of the dungeon, and saw 12 of its levels.

You collected 502 gold pieces.

Inventory:

Missiles
 o - 61 poisoned needles
 M - 8 tomahawks (quivered)
Armour
 a - a +0 robe (worn)
 I - a +2 hat (worn)
Jewellery
 j - a +3 ring of evasion (left claw)
 k - an uncursed ring of flight
 K - a +3 ring of strength (right claw)
 S - an amulet of dismissal (around neck)
Wands
 x - a wand of digging (11/24)
 A - a wand of confusion (31/48)
 D - a wand of paralysis (13/24)
 L - a wand of lightning (0/15)
 O - a wand of iceblast (3/15)
 Q - a wand of slowing (28/48)
Scrolls
 c - 2 scrolls of random uselessness {unknown}
 d - 2 scrolls of recharging {unknown}
 f - 2 scrolls of fear {unknown}
 g - 10 scrolls of identify {unknown}
 i - 2 scrolls of magic mapping {unknown}
 n - a scroll of fog {unknown}
 q - 3 scrolls of noise {unknown}
 s - 5 scrolls of remove curse {unknown}
 y - 5 scrolls of teleportation {unknown}
 E - 3 scrolls of enchant weapon {unknown}
 G - a scroll of acquirement {unknown}
 N - 2 scrolls of immolation {unknown}
 P - 3 scrolls of amnesia {unknown}
 T - a scroll of enchant armour {unknown}
 U - a scroll of blinking {unknown}
Potions
 e - 3 potions of brilliance {unknown}
 h - 2 potions of heal wounds {unknown}
 l - a potion of beneficial mutation {unknown}
 m - 2 potions of resistance {unknown}
 r - 3 potions of lignification
 u - a potion of degeneration {unknown}
 v - a potion of cancellation {unknown}
 w - 2 potions of invisibility {unknown}
 z - a potion of agility {unknown}
 B - 2 potions of cure mutation {unknown}
 C - a potion of haste {unknown}
 F - 3 potions of mutation {unknown}
 J - a potion of curing
Books
 H - an Akashic Record

   Spells                             Type                      Level
   a - Dispersal                      Translocation                6
   b - Malign Gateway                 Summoning/Translocation      7
   c - Disjunction                    Translocation                8
   d - Controlled Blink               Translocation                8
Comestibles
 b - 12 bread rations
 p - 5 meat rations
 t - 18 fruits
 R - a royal jelly


   Skills:
 + Level 6.8 Fighting
 + Level 4.1 Throwing
 + Level 6.5 Dodging
 + Level 5.5 Stealth
 * Level 11.0 Unarmed Combat


You had 10 spell levels left.
You didn't know any spells.

Dungeon Overview and Level Annotations

Branches:
Dungeon (11/15)            Temple (1/1) D:4
   Lair: D:8-11         Orc: D:9-12

Altars:
Ashenzari
Dithmenos
Elyvilon
Fedhas
Gozag
Hepliaklqana
Kikubaaqudgha
Makhleb
Nemelex Xobeh
Okawaru
Pakellas
Qazlal
Ru
Sif Muna
Trog
Uskayaw
Vehumet
Xom
Yredelemnul
Zin
The Shining One


Innate Abilities, Weirdness & Mutations

You are too large for most types of armour.
You have claws for hands.
Your metabolism is lightning-fast.
You like to eat raw meat.
You heal very quickly.
You are covered in fur. (AC +1)
You have very tough skin. (AC +2)
You are partially covered in large bone plates. (AC +2, SH +2)
You occasionally shout uncontrollably at your foes.
You are weak. (Str -2)


Message History

The manticore is engulfed in roaring flames.
Evoke which item? (* to show all) (? for menu, Esc to quit)
Zapping:
L - a wand of lightning {zapped: 3} (will waste charges)
Press: ? - help, Shift-Dir - straight line, f/p - eight-headed hydra
Aim: an eight-headed hydra (lightly wounded)
You hear a mighty clap of thunder!
The bolt of lightning hits the eight-headed hydra.
The eight-headed hydra is moderately wounded.
The bolt of lightning misses the orc warrior.
The bolt of lightning misses the orc.
Evoking this partially-identified wand wasted a few charges.
You hear a bark!
The eight-headed hydra bites you!
* * * LOW HITPOINT WARNING * * *
The eight-headed hydra closely misses you.
The eight-headed hydra barely misses you.
The eight-headed hydra bites you.
* * * LOW HITPOINT WARNING * * *
The eight-headed hydra bites you!
You die...

###....#..........#
#......#....÷.....#
#......#..........#
#......#o....#####..
#......#.o...# §
#......#o....#
#.....##H....#
###.....#.D....#####.
#.......+.@.....§§§.$
#.......#.......H§§.$
........#.......§§§.$
+##.....##.....#####.
#......#.#####
#......#.#...#
#......#.#...#
###......#.'...#
.........#.#########.


You could see an eight-headed hydra, 2 manticores, an orc warrior, an orc priest
and an orc.

Vanquished Creatures
  The ghost of blownbattery the Bludgeoner, a journeyman OgHu of Dithmenos (D:10)
  A death knight (D:11)
  A hill giant (D:10)
  The ghost of mamga the Grappler, an amateur DrMo (D:4)
  Sigmund (D:3)
  5 yaks
  2 hippogriffs
  2 hungry ghosts
  2 orc warriors
  4 black bears
  An ice beast (D:9)
  A sky beast (D:8)
  3 ogres
  4 phantoms
  A necrophage (D:11)
  5 centaurs
  5 giant frogs
  A wyvern skeleton (D:11)
  2 scorpions
  7 killer bees
  5 howler monkeys
  4 crimson imps
  5 hounds
  2 jellies (D:6)
  A wasp zombie (D:9)
  2 centaur skeletons
  7 orc priests
  9 orc wizards
  Jessica (D:2)
  2 giant frog skeletons
  Terence (D:2)
  7 worker ants
  A howler monkey zombie (D:9)
  A worker ant zombie (D:8)
  7 gnolls
  17 adders
  A howler monkey skeleton (D:4)
  A shadow imp (D:7)
  An adder skeleton (D:8)
  2 worms
  4 dart slugs
  7 giant geckos
  32 orcs
  A ball python (D:1)
  7 bats
  5 giant cockroaches
  3 goblins
  6 hobgoblins
  5 jackals
  6 kobolds
  2 quokkas
  2 giant gecko skeletons
  A giant gecko zombie (D:5)
  3 giant newts
  A quokka skeleton (D:4)
  25 rats
237 creatures vanquished.

Vanquished Creatures (collateral kills)
  A vampire (D:11)
  A yak (D:9)
  An ogre (D:11)
  A phantom (D:9)
  A killer bee (D:9)
  A hound (D:9)
  2 orc priests (D:9)
  An iguana (D:9)
  A hound skeleton (D:8)
  3 orcs
13 creatures vanquished.

Vanquished Creatures (others)
  3 hexers
  An orc (D:11)
4 creatures vanquished.

Grand Total: 254 creatures vanquished

Notes
Turn   | Place    | Note
--------------------------------------------------------------
     0 | D:1      | shinino the Troll Monk began the quest for the Orb.
     0 | D:1      | Reached XP level 1. HP: 22/22 MP: 0/0
    95 | D:1      | Reached XP level 2. HP: 29/29 MP: 1/1
   713 | D:2      | Noticed Jessica
   722 | D:2      | Reached XP level 3. HP: 31/36 MP: 2/2
   724 | D:2      | Killed Jessica
   759 | D:2      | Reached XP level 4. HP: 44/44 MP: 3/3
  1075 | D:2      | Noticed Terence
  1081 | D:2      | Killed Terence
  1081 | D:2      | Reached skill level 5 in Unarmed Combat
  1227 | D:2      | Found a glowing silver altar of Zin.
  1334 | D:2      | Reached XP level 5. HP: 48/53 MP: 4/4
  1784 | D:3      | Noticed Sigmund
  1806 | D:3      | Killed Sigmund
  1806 | D:3      | Reached XP level 6. HP: 36/61 MP: 5/5
  1861 | D:3      | Reached skill level 6 in Unarmed Combat
  2221 | D:4      | Reached XP level 7. HP: 67/67 MP: 6/6
  2326 | D:4      | Noticed mamga's ghost (amateur DrMo)
  2487 | D:4      | Killed mamga's ghost
  2614 | D:4      | Reached skill level 7 in Unarmed Combat
  2623 | D:4      | Found a shattered altar of Ashenzari.
  2801 | D:4      | Found a staircase to the Ecumenical Temple.
  3076 | Temple   | Entered the Ecumenical Temple
  3153 | Temple   | Became a worshipper of Hepliaklqana
  3153 | Temple   | Reached * piety under Hepliaklqana
  3153 | Temple   | Reached ** piety under Hepliaklqana
  3225 | D:5      | Entered Level 5 of the Dungeon
  3254 | D:5      | Remembered your ancestor Cyneburga as a hexer
  3292 | D:5      | Reached XP level 8. HP: 78/78 MP: 7/7
  4063 | D:6      | Found a basalt altar of Yredelemnul.
  4212 | D:6      | Reached skill level 8 in Unarmed Combat
  4669 | D:7      | Found a bloodstained altar of Trog.
  4675 | D:7      | Reached skill level 5 in Fighting
  4679 | D:7      | Reached XP level 9. HP: 61/88 MP: 8/8
  4684 | D:7      | Reached skill level 5 in Dodging
  4833 | D:8      | Found a glowing golden altar of the Shining One.
  4858 | D:8      | Reached *** piety under Hepliaklqana
  4956 | D:8      | Found a hide-covered altar of Uskayaw.
  4960 | D:8      | Found a blossoming altar of Fedhas.
  4963 | D:8      | Found a sparkling altar of Nemelex Xobeh.
  5070 | D:8      | Gained mutation: You occasionally shout uncontrollably at your foes. [mutagenic meat]
  5071 | D:8      | Gained mutation: You are partially covered in large bone plates. (AC +2, SH +2) [mutagenic meat]
  5073 | D:8      | Gained mutation: You are weak. (Str -2) [mutagenic meat]
  5101 | D:8      | Reached skill level 9 in Unarmed Combat
  5382 | D:8      | Reached skill level 1 in Throwing
  5504 | D:8      | Found a stormy altar of Qazlal.
  5763 | D:9      | Reached XP level 10. HP: 28/98 MP: 9/9
  5779 | D:8      | Reached skill level 10 in Unarmed Combat
  6258 | D:9      | Found an oddly glowing altar of Pakellas.
  6259 | D:9      | Noticed a cyan ugly thing
  6469 | D:10     | Entered Level 10 of the Dungeon
  6489 | D:10     | Reached skill level 5 in Stealth
  6548 | D:10     | Found a shadowy altar of Dithmenos.
  6718 | D:10     | Noticed blownbattery's ghost (journeyman OgHu)
  7076 | D:10     | Noticed a tengu warrior
  7096 | D:10     | Reached **** piety under Hepliaklqana
  7148 | D:10     | Noticed a hill giant
  7156 | D:10     | Killed a hill giant
  7211 | D:10     | Killed blownbattery's ghost
  7518 | D:11     | Noticed a death knight
  7684 | D:11     | Killed a death knight
  7684 | D:11     | Reached skill level 11 in Unarmed Combat
  7684 | D:11     | Reached XP level 11. HP: 89/107 MP: 10/10
  7744 | D:11     | Noticed an eight-headed hydra
  7768 | D:11     | Slain by an eight-headed hydra

Vault maps used:
D:1:      dpeg_arrival_arbitrary_b
D:2:      zin_scriptorium, first_bread, minmay_rat_hole, uniq_jessica,
          uniq_terence
D:3:      lemuel_upstairs_altar, uniq_sigmund
D:4:      marbit_many_paths, minmay_temple_entry_poolview, grunt_ministairs_8
D:6:      yredelemnul_altar_generic, nicolae_lava_and_water
D:7:      slow_altar_1, trog_ov_bears_minmay
D:8:      grunt_temple_overflow_diamond, nicolae_qazlal_style_of_elements,
          tso_oasis_becter
D:9:      gammafunk_pakellas_cloud_experiment
D:10:     basic_altar, grunt_tengu_nest
D:11:     dpeg_oklobed_lair, orc_david_3, lemuel_flame_loot_1
Temple:   triangle_lava_temple_10

Skill      XL: |  1  2  3  4  5  6  7  8  9 10 |
---------------+-------------------------------+-----
Fighting       | 3 4 5 6 |  6.8
Unarmed Combat | 5 6 7 8 9 11 | 11.0
Stealth        | 2 3 4 5 |  5.5
Dodging        | 3 4 5 6 |  6.5
Throwing       | 2 4 |  4.1

Action                   |  1- 3 |  4- 6 |  7- 9 | 10-12 || total
-------------------------+-------+-------+-------+-------++-------
Melee: Unarmed           |    67 |   187 |   323 |   155 ||   732
       Punch             |     1 |     5 |    15 |    11 ||    32
Invok: Ancestor Life: He |       |       |     1 |       ||     1
Evoke: Wand              |       |       |       |     3 ||     3
  Use: Potion            |       |       |       |     3 ||     3
 Stab: Sleeping          |     1 |     7 |    10 |     3 ||    21
       Confused          |       |       |     4 |       ||     4
       Distracted        |       |       |     1 |     1 ||     2
  Eat: Chunk             |     6 |    15 |    40 |    14 ||    75
       Royal jelly       |       |       |     1 |       ||     1
Armor: Robe              |    17 |    44 |    63 |    49 ||   173
       Skin              |       |       |       |    21 ||    21
Dodge: Dodged            |    35 |   133 |   177 |   132 ||   477
Block: Other             |       |       |     4 |    13 ||    17
